AoeStats
← Wenneshow

Arabia

503631401Analyzed
3v3 RM · 1mo ago on Sep 1, 2026· 35m 2s· 6 players
Game mode
Random Map
Map size
Normal (6 player)
Population
200
Speed
Normal
Resources
Standard
Victory
Conquest
Starting age
Dark Age
Ending age
Imperial Age
RankedLock teamsTeams togetherTeam positionsShared explorationLock speedFull tech treeHidden civsTurbo modeCheats
Victory
Defeat
🇪🇸 Sicilians · Spain
1192
+14
🇪🇸 Khitans · Spain
1143
+16
🇪🇸 Franks · Spain
1141
+16
🇸🇪 Hindustanis · Sweden
1200
-18
🇺🇸 Poles · United States
1160
-16
🇦🇺 Romans · Australia
1093
-13
Wenneshow
7:04 Loom
9:30 Feudal Age
10:07 Double-Bit Axe
17:59 Horse Collar
19:22 Bloodlines
20:08 Forging
21:49 Wheelbarrow
21:57 Scale Barding Armor
24:34 Castle Age
23:54 Gold Mining
24:41 Light Cavalry
25:21 Husbandry
25:56 Bow Saw
31:44 Stone Mining
32:14 Hand Cart
31:44 Town Watch
33:49 Chain Barding Armor
34:55 Heavy Plow
Ghost
7:36 Loom
10:02 Feudal Age
deVera3138
9:50 Feudal Age
10:23 Double-Bit Axe
10:16 Man-at-Arms
13:34 Scale Mail Armor
14:46 Forging
17:43 Horse Collar
19:04 Loom
30:16 Wheelbarrow
30:37 Fletching
TOCA
6:33 Loom
jana
7:47 Loom
10:48 Feudal Age
11:58 Double-Bit Axe
14:28 Scale Barding Armor
14:33 Forging
15:04 Forging
20:57 Gold Mining
23:25 Castle Age
22:02 Gold Mining
22:39 Fletching
25:31 Bow Saw
27:47 Chain Barding Armor
28:02 Iron Casting
30:11 Iron Casting
29:59 Pikeman
32:13 Scale Mail Armor
34:06 Chain Mail Armor
34:27 Bodkin Arrow
ELEESEDE5907
7:21 Loom
10:33 Feudal Age
15:17 Forging
23:50 Castle Age
22:17 Double-Bit Axe
22:21 Domestication
22:34 Gold Mining
23:40 Fletching
23:51 Padded Archer Armor
25:24 Bodkin Arrow
Connection lost

Rejoining the realm…

Still unreachable

The connection could not be restored.

Session expired

The server has moved on; the page needs a fresh start.